[Event "FIDE Womens World Cup 2021"]
[Site "Sochi"]
[Date "2021.07.19"]
[Round "3.2"]
[White "Sebag, Marie"]
[Black "Tan, Zhongyi"]
[Result "0-1"]
[ECO "C49"]
[WhiteElo "2438"]
[BlackElo "2511"]
[Annotator "ChessBase"]
[PlyCount "129"]
[EventDate "2021.07.12"]
[EventType "k.o."]
[EventCountry "RUS"]
[SourceTitle "playchess.com"]
[Source "ChessBase"]
[SourceQuality "1"]
[TimeControl "40/5400+30:1800+30"]

1. e4 e5 2. Nf3 Nf6 3. Nc3 Nc6 4. Bb5 Bb4 5. O-O O-O 6. d3 Bxc3 7. bxc3 d6 8. Bg5 Ne7 9. Nh4 Ne8 10. Bc4 Be6 11. Bb3 a5 12. f4 exf4 13. Rxf4 Bxb3 14. Bxe7 Qxe7 15. cxb3 g6 16. Qd2 Ng7 17. Raf1 d5 18. exd5 Qc5+ 19. d4 Qxd5 20. c4 Qd6 21. Nf3 Rae8 22. c5 Qd5 23. Qxa5 Re2 24. Qb5 Rxa2 25. Qc4 Rd8 26. Re1 Ne6 27. Rh4 Qxc4 28. bxc4 Rc2 29. d5 Nxc5 30. Ng5 h6 31. Rxh6 Rxc4 32. h4 Rf8 33. Re7 Ne4 34. Ne6 Nf6 35. Rh8+ Kxh8 36. Nxf8 Kg8 37. Nd7 Nxd5 38. Re5 c6 39. h5 gxh5 40. Rg5+ Kh7 41. Rxh5+ Kg6 42. Rh8 f6 43. Rb8 b5 44. Rb7 Rc2 45. Nb8 b4 46. Na6 c5 47. Rb5 Nc3 48. Rb6 Ne4 49. Rb5 f5 50. Kh2 Kg5 51. Kh3 Rc1 52. Kh2 Kg4 53. Nxc5 Rxc5 54. Rxb4 Rc2 55. Ra4 Re2 56. Ra8 Nf6 57. Rf8 Kg5 58. Kg3 Re3+ 59. Kf2 Ng4+ 60. Kf1 Kf4 61. Rh8 Ra3 62. Rh4 Ra1+ 63. Ke2 Kg3 64. Rh5 Ra5 65. Ke1 0-1

[Event "FIDE Womens World Cup 2021"]
[Site "Sochi"]
[Date "2021.07.19"]
[Round "3.2"]
[White "Yip, Carissa"]
[Black "Dzagnidze, Nana"]
[Result "0-1"]
[ECO "B56"]
[WhiteElo "2430"]
[BlackElo "2523"]
[Annotator "ChessBase"]
[PlyCount "86"]
[EventDate "2021.07.12"]
[EventType "k.o."]
[EventCountry "RUS"]
[SourceTitle "playchess.com"]
[Source "ChessBase"]
[SourceQuality "1"]
[TimeControl "40/5400+30:1800+30"]

1. e4 c5 2. Nf3 d6 3. d4 cxd4 4. Nxd4 Nf6 5. Nc3 h6 6. Bc4 e6 7. f4 Qc7 8. Bb3 a6 9. f5 e5 10. Nf3 Nbd7 11. g4 Qc6 12. Qe2 Nc5 13. g5 hxg5 14. Bxg5 Ncxe4 15. Ba4 b5 16. Nxb5 Bd7 17. Nxd6+ Qxd6 18. Bxd7+ Qxd7 19. Bxf6 Nxf6 20. Nxe5 Bb4+ 21. c3 Qe7 22. cxb4 Qxb4+ 23. Kf1 O-O 24. Re1 Rfe8 25. Rg1 Rab8 26. Rg3 Rb5 27. Re3 Qf4+ 28. Qf3 Qd4 29. Nd3 Rd8 30. h3 Rdd5 31. a4 Qxa4 32. Ne5 Rxb2 33. Ng4 Qb5+ 34. Kg1 Rxf5 35. Qa8+ Kh7 36. Nxf6+ Rxf6 37. Qe4+ Rg6+ 38. Rg3 Qc5+ 39. Ree3 Qc1+ 40. Re1 Qd2 41. Qh4+ Rh6 42. Qe4+ g6 43. Rg2 Qxg2+ 0-1

[Event "FIDE Womens World Cup 2021"]
[Site "Sochi"]
[Date "2021.07.19"]
[Round "3.2"]
[White "Zawadzka, Jolanta"]
[Black "Batsiashvili, Nino"]
[Result "0-1"]
[ECO "C77"]
[WhiteElo "2403"]
[BlackElo "2487"]
[Annotator "ChessBase"]
[PlyCount "56"]
[EventDate "2021.07.12"]
[EventType "k.o."]
[EventCountry "RUS"]
[SourceTitle "playchess.com"]
[Source "ChessBase"]
[SourceQuality "1"]
[TimeControl "40/5400+30:1800+30"]

1. e4 e5 2. Nf3 Nc6 3. Bb5 a6 4. Ba4 Nf6 5. Nc3 d6 6. Bxc6+ bxc6 7. d4 exd4 8. Nxd4 c5 9. Nc6 Qd7 10. Na5 Be7 11. O-O O-O 12. Re1 Rb8 13. Rb1 Bb7 14. Qd3 Ba8 15. Qxa6 d5 16. exd5 Nxd5 17. Qd3 Bf6 18. Ne4 Bd4 19. Bd2 Rb6 20. c3 f5 21. cxd4 fxe4 22. Qc4 Qf5 23. Rf1 Rg6 24. g3 cxd4 25. Qxd4 Qf3 26. Qc4 Kh8 27. Qc5 e3 28. Nc4 Qg2+ 0-1

[Event "FIDE Womens World Cup 2021"]
[Site "Sochi"]
[Date "2021.07.20"]
[Round "3.4"]
[White "Dzagnidze, Nana"]
[Black "Yip, Carissa"]
[Result "1-0"]
[ECO "A06"]
[WhiteElo "2523"]
[BlackElo "2430"]
[Annotator "ChessBase"]
[PlyCount "115"]
[EventDate "2021.07.12"]
[EventType "k.o."]
[EventCountry "RUS"]
[SourceTitle "playchess.com"]
[Source "ChessBase"]
[SourceQuality "1"]
[TimeControl "1500+10"]

1. Nf3 d5 2. d4 e6 3. c4 Ne7 4. Nc3 g6 5. Bg5 Bg7 6. Qd2 h6 7. Bf4 g5 8. Bg3 Nf5 9. e3 h5 10. h3 c6 11. Be5 f6 12. Bh2 g4 13. Ng1 Nd7 14. Bd3 Nh4 15. Kf1 Kf7 16. Bg3 Ng6 17. hxg4 hxg4 18. Rxh8 Qxh8 19. cxd5 cxd5 20. Nb5 f5 21. Nc7 Rb8 22. Nb5 Ra8 23. Nc7 Rb8 24. Nb5 a6 25. Bxb8 Nxb8 26. Nd6+ Kf6 27. Nxc8 Qxc8 28. Rc1 Nc6 29. g3 Bf8 30. Qc3 Bd6 31. Bxa6 Qh8 32. Bxb7 Nb4 33. a3 Na2 34. Qc6 Nxc1 35. Qxd6 Qh1 36. Ba6 Qe4 37. Qb4 Qh1 38. Qd2 Nb3 39. Qc3 Na1 40. b4 Nh8 41. Qxa1 Nf7 42. Ke2 Ng5 43. Qe1 Nh3 44. Nxh3 Qf3+ 45. Kd2 gxh3 46. Be2 Qg2 47. Bf1 Qh1 48. Bxh3 Qxh3 49. b5 Qh7 50. b6 Qb7 51. Qb1 Kg5 52. a4 Kg4 53. Qb5 Kf3 54. a5 Kxf2 55. a6 Qe7 56. b7 Qa3 57. Qe2+ Kxg3 58. b8=Q+ 1-0

[Event "FIDE Womens World Cup 2021"]
[Site "Sochi"]
[Date "2021.07.20"]
[Round "3.4"]
[White "Shuvalova, Polina"]
[Black "Garifullina, Leya"]
[Result "1-0"]
[ECO "B22"]
[WhiteElo "2489"]
[BlackElo "2390"]
[Annotator "ChessBase"]
[PlyCount "73"]
[EventDate "2021.07.12"]
[EventType "k.o."]
[EventCountry "RUS"]
[SourceTitle "playchess.com"]
[Source "ChessBase"]
[SourceQuality "1"]
[TimeControl "1500+10"]

1. e4 c5 2. c3 d5 3. exd5 Qxd5 4. d4 Nf6 5. Nf3 Nc6 6. Na3 Bg4 7. Bc4 Bxf3 8. gxf3 Qh5 9. dxc5 Qxc5 10. Be3 Qh5 11. Nb5 Qe5 12. f4 Qb8 13. Qb3 e6 14. f5 a6 15. fxe6 fxe6 16. Bxe6 Be7 17. Nd4 Nxd4 18. Bxd4 Qf4 19. Be3 Qf3 20. Rg1 Kf8 21. Rd1 Re8 22. Qa4 h5 23. h3 b5 24. Qxa6 b4 25. Rd3 bxc3 26. bxc3 Ra8 27. Qb5 Qe4 28. Bb3 Rc8 29. Ke2 g6 30. Rd4 Qf5 31. Qxf5 gxf5 32. Rf4 Rxc3 33. Rxf5 Rc6 34. Bd4 Rd6 35. Be5 Ra6 36. Rg6 Ke8 37. Bxf6 1-0

[Event "FIDE Womens World Cup 2021"]
[Site "Sochi"]
[Date "2021.07.20"]
[Round "3.4"]
[White "Assaubayeva, Bibisara"]
[Black "Khotenashvili, Bela"]
[Result "1/2-1/2"]
[ECO "D31"]
[WhiteElo "2389"]
[BlackElo "2471"]
[Annotator "ChessBase"]
[PlyCount "176"]
[EventDate "2021.07.12"]
[EventType "k.o."]
[EventCountry "RUS"]
[SourceTitle "playchess.com"]
[Source "ChessBase"]
[SourceQuality "1"]
[TimeControl "1500+10"]

1. d4 d5 2. c4 e6 3. Nc3 a6 4. c5 e5 5. dxe5 d4 6. Ne4 Qd5 7. Ng3 Bxc5 8. Nf3 Ne7 9. Nh5 O-O 10. g3 Nbc6 11. Nf4 Qd8 12. Bg2 Ng6 13. Nd3 Bb6 14. h4 Re8 15. Bg5 Qd7 16. Bf4 Nxf4 17. gxf4 Ne7 18. Nd2 Nf5 19. h5 h6 20. Ne4 Qe7 21. Qc2 Ba5+ 22. Kf1 c6 23. Bh3 Bc7 24. Bxf5 Bxf5 25. f3 Kh8 26. Kf2 Rac8 27. Rag1 Bb8 28. Qc5 Qe6 29. Qxd4 Rcd8 30. Qb6 Qxa2 31. Rg3 Rg8 32. Rhg1 Rc8 33. Qxb7 Qd5 34. Qxa6 Rcd8 35. Qb7 Rd7 36. Qb4 Ba7+ 37. Kf1 Bxg1 38. Rxg1 Bxe4 39. fxe4 Qd4 40. e6 Qxb4 41. Nxb4 fxe6 42. Nxc6 Rc8 43. Ne5 Rc1+ 44. Kf2 Rxg1 45. Nxd7 Rb1 46. Nc5 Rxb2 47. Nxe6 Kg8 48. f5 Kf7 49. Kf3 Kf6 50. Nf4 Rb1 51. Ne6 Rh1 52. Nf4 Rf1+ 53. Ke3 Rg1 54. Kf3 Ke5 55. Ng6+ Kf6 56. Nf4 Rb1 57. Ne6 Rf1+ 58. Ke3 Rh1 59. Nf4 Ra1 60. Kf3 Ra3+ 61. e3 Ra1 62. Ne6 Rf1+ 63. Kg2 Re1 64. Kf3 Ra1 65. Nf4 Ra7 66. Ne6 Ke5 67. Nd4 Ra1 68. Ne6 Kf6 69. Nf4 Rg1 70. Kf2 Rh1 71. Kg2 Rb1 72. Kf3 Rf1+ 73. Kg2 Re1 74. Kf2 Ra1 75. Kf3 Ra7 76. Ne6 Ra1 77. Nf4 Rb1 78. Ne6 Rf1+ 79. Kg2 Ra1 80. Kf3 Rh1 81. Nf4 Rg1 82. Kf2 Rb1 83. Kf3 Ra1 84. Ne6 Rf1+ 85. Kg2 Ra1 86. Kf3 Rb1 87. Nf4 Rb7 88. Ne6 Rb1 1/2-1/2

[Event "FIDE Womens World Cup 2021"]
[Site "Sochi"]
[Date "2021.07.20"]
[Round "3.5"]
[White "Garifullina, Leya"]
[Black "Shuvalova, Polina"]
[Result "0-1"]
[ECO "C88"]
[WhiteElo "2390"]
[BlackElo "2489"]
[Annotator "ChessBase"]
[PlyCount "70"]
[EventDate "2021.07.12"]
[EventType "k.o."]
[EventCountry "RUS"]
[SourceTitle "playchess.com"]
[Source "ChessBase"]
[SourceQuality "1"]
[TimeControl "600+10"]

1. e4 e5 2. Nf3 Nc6 3. Bb5 a6 4. Ba4 Nf6 5. O-O Be7 6. Re1 b5 7. Bb3 O-O 8. a4 Bb7 9. d3 d6 10. Nbd2 Qd7 11. c3 Rfe8 12. Nf1 h6 13. Ng3 Bf8 14. d4 Rad8 15. axb5 axb5 16. d5 Ne7 17. Qe2 c6 18. dxc6 Bxc6 19. h3 Ng6 20. Qe3 Ra8 21. Rxa8 Rxa8 22. Rd1 Qb7 23. Bc2 Re8 24. Qe1 Nf4 25. Nh2 d5 26. f3 b4 27. Ng4 Nxg4 28. hxg4 bxc3 29. bxc3 Bc5+ 30. Be3 Qa7 31. Bf2 dxe4 32. Bxe4 Bxe4 33. Nxe4 Bxf2+ 34. Qxf2 Qc7 35. g3 Nh3+ 0-1

[Event "FIDE Womens World Cup 2021"]
[Site "Sochi"]
[Date "2021.07.20"]
[Round "3.6"]
[White "Shuvalova, Polina"]
[Black "Garifullina, Leya"]
[Result "1/2-1/2"]
[ECO "B52"]
[WhiteElo "2489"]
[BlackElo "2390"]
[Annotator "ChessBase"]
[PlyCount "197"]
[EventDate "2021.07.12"]
[EventType "k.o."]
[EventCountry "RUS"]
[SourceTitle "playchess.com"]
[Source "ChessBase"]
[SourceQuality "1"]
[TimeControl "600+10"]

1. e4 c5 2. Nf3 d6 3. Bb5+ Bd7 4. Bxd7+ Qxd7 5. c4 Nf6 6. Nc3 g6 7. d4 cxd4 8. Nxd4 Bg7 9. h3 O-O 10. Be3 Nc6 11. O-O a6 12. a4 Qc7 13. b3 Qa5 14. Qd3 Nd7 15. Rfd1 Nc5 16. Qc2 Nb4 17. Qb2 e6 18. Rab1 Qc7 19. Qd2 Rfd8 20. Nde2 Nc6 21. b4 Nd7 22. Qxd6 Qxd6 23. Rxd6 Bf8 24. Rdd1 Bxb4 25. Nd5 Ba5 26. Nb6 Nxb6 27. Rxd8+ Rxd8 28. Bxb6 Rd2 29. Nf4 Rc2 30. Be3 Bb4 31. Nd3 Rxc4 32. f3 a5 33. Rc1 Rxc1+ 34. Bxc1 Nd4 35. Bb2 Bc3 36. Bxc3 Ne2+ 37. Kf2 Nxc3 38. Nb2 b5 39. axb5 Nxb5 40. Ke3 Kg7 41. e5 g5 42. Kd3 Kg6 43. g4 Na7 44. Na4 h5 45. Ke4 h4 46. Nc5 Nb5 47. Kd3 Nc7 48. Kc4 Nd5 49. Ne4 Nf4 50. Nf2 Ng2 51. Nd3 Ne3+ 52. Kb5 Nc2 53. Kxa5 Nd4 54. Ne1 Nc6+ 55. Kb5 Nxe5 56. Kc5 Kf6 57. Kd4 Ng6 58. Nd3 e5+ 59. Ke4 Nf4 60. Nxe5 Nxh3 61. Nd3 Ng1 62. Ke3 h3 63. Kf2 h2 64. Kg2 Nxf3 65. Nf2 Nd2 66. Kxh2 Ke5 67. Nh3 f6 68. Kg3 Ke4 69. Nf2+ Kd4 70. Nd1 Kd3 71. Kg2 Nc4 72. Kf3 Nd2+ 73. Kg2 Ke4 74. Kg3 Ke5 75. Ne3 Ke4 76. Nf5 Nc4 77. Ng7 Nd6 78. Nh5 Ne8 79. Kg2 Ke5 80. Kf3 Nc7 81. Ng3 Ne6 82. Nh5 Nf4 83. Ng7 Ne6 84. Nh5 Nd4+ 85. Ke3 Nc6 86. Kf3 Ke6 87. Ng7+ Kd5 88. Nh5 Ke5 89. Ng7 Nd4+ 90. Ke3 Nb5 91. Nh5 Nd6 92. Kf3 Nf7 93. Ke3 f5 94. gxf5 g4 95. f6 Nd6 96. Kf2 Ne4+ 97. Kg2 Nxf6 98. Kg3 Nxh5+ 99. Kxg4 1/2-1/2

[Event "FIDE Womens World Cup 2021"]
[Site "Sochi"]
[Date "2021.07.24"]
[Round "4.3"]
[White "Saduakassova, Dinara"]
[Black "Kashlinskaya, Alina"]
[Result "1-0"]
[ECO "E01"]
[WhiteElo "2483"]
[BlackElo "2488"]
[Annotator "ChessBase"]
[PlyCount "163"]
[EventDate "2021.07.12"]
[EventType "k.o."]
[EventCountry "RUS"]
[SourceTitle "playchess.com"]
[Source "ChessBase"]
[SourceQuality "1"]
[TimeControl "1500+10"]

1. d4 Nf6 2. c4 e6 3. g3 d5 4. Bg2 Bb4+ 5. Nd2 O-O 6. Ngf3 dxc4 7. Qc2 c5 8. dxc5 Nc6 9. O-O e5 10. Nxc4 e4 11. Rd1 Qe7 12. Ng5 Bxc5 13. Be3 Bf5 14. Bxc5 Qxc5 15. Ne3 Qxc2 16. Nxc2 Rad8 17. Ne3 Bg6 18. Nh3 h6 19. Nf4 Bh7 20. h4 g5 21. hxg5 hxg5 22. Nh3 Nd4 23. Nxg5 Nxe2+ 24. Kf1 Nd4 25. Rd2 Nf3 26. Rxd8 Rxd8 27. Nxf3 exf3 28. Bxf3 Rd2 29. b3 Ne4 30. Ke1 Rb2 31. Nc4 Rc2 32. Ne3 Rb2 33. Nd1 Rc2 34. Be2 Bg6 35. Ne3 Rb2 36. Nc4 Rc2 37. Bd3 Rc3 38. Ne5 Bh7 39. Rd1 Rc5 40. Ng4 Kg7 41. Bxe4 Bxe4 42. Ne3 Bf3 43. Rd4 Rc1+ 44. Kd2 Ra1 45. Ra4 a6 46. Nc2 Rd1+ 47. Ke3 Bc6 48. Rg4+ Kf6 49. Nd4 Bd7 50. Rf4+ Kg7 51. Nf5+ Bxf5 52. Rxf5 Ra1 53. Ra5 Rd1 54. Rc5 Ra1 55. Rc2 Re1+ 56. Kd4 Re6 57. f4 Rg6 58. Rc7 Rb6 59. Kc4 Kg6 60. a4 a5 61. Rc5 Rb4+ 62. Kc3 Re4 63. Rxa5 Re3+ 64. Kc4 Rxg3 65. Rb5 Rg4 66. Rxb7 Rxf4+ 67. Kc3 Rf3+ 68. Kd4 Rf4+ 69. Ke3 Rf1 70. a5 Ra1 71. b4 f5 72. Rb8 Kg5 73. Rg8+ Kf6 74. Kd4 f4 75. Rf8+ Kg5 76. Kc5 Kg4 77. Kb6 f3 78. b5 Kg3 79. a6 f2 80. a7 Ra4 81. Rxf2 Kxf2 82. Kb7 1-0

[Event "FIDE Womens World Cup 2021"]
[Site "Sochi"]
[Date "2021.07.24"]
[Round "4.4"]
[White "Lagno, Kateryna"]
[Black "Assaubayeva, Bibisara"]
[Result "1/2-1/2"]
[ECO "B51"]
[WhiteElo "2559"]
[BlackElo "2389"]
[Annotator "ChessBase"]
[PlyCount "102"]
[EventDate "2021.07.12"]
[EventType "k.o."]
[EventCountry "RUS"]
[SourceTitle "playchess.com"]
[Source "ChessBase"]
[SourceQuality "1"]
[TimeControl "1500+10"]

1. e4 c5 2. Nf3 d6 3. Bb5+ Nd7 4. d4 cxd4 5. Nxd4 Ngf6 6. O-O a6 7. Bd3 g6 8. c4 Bg7 9. Nc3 O-O 10. Re1 Qc7 11. Bf1 e6 12. Be3 b6 13. Rc1 Bb7 14. f3 Rac8 15. Qd2 Rfd8 16. Red1 Qb8 17. Qf2 Ne5 18. Na4 Ba8 19. Qh4 Nfd7 20. b3 Nc5 21. Nc3 Nc6 22. Nxc6 Bxc6 23. Bg5 Rd7 24. Bf6 Bxf6 25. Qxf6 e5 26. g3 Rf8 27. Bh3 Qd8 28. Qxd8 Rdxd8 29. Rd2 f5 30. Rcd1 fxe4 31. fxe4 Rf3 32. Rxd6 Rxd6 33. Rxd6 Rxc3 34. Rxc6 Nxe4 35. Be6+ Kg7 36. Bd5 Rc1+ 37. Kg2 Nc3 38. Rxb6 e4 39. Re6 Re1 40. h4 Re2+ 41. Kg1 Rxa2 42. g4 Rb2 43. g5 Kf8 44. Bxe4 Rxb3 45. c5 Nxe4 46. Rxe4 Rc3 47. Ra4 Rxc5 48. Rxa6 Rc4 49. Ra8+ Kf7 50. Ra7+ Kg8 51. Ra8+ Kg7 1/2-1/2

[Event "FIDE Womens World Cup 2021"]
[Site "Sochi"]
[Date "2021.07.24"]
[Round "4.4"]
[White "Shuvalova, Polina"]
[Black "Dzagnidze, Nana"]
[Result "1-0"]
[ECO "B91"]
[WhiteElo "2489"]
[BlackElo "2523"]
[Annotator "ChessBase"]
[PlyCount "61"]
[EventDate "2021.07.12"]
[EventType "k.o."]
[EventCountry "RUS"]
[SourceTitle "playchess.com"]
[Source "ChessBase"]
[SourceQuality "1"]
[TimeControl "1500+10"]

1. e4 c5 2. Nf3 d6 3. d4 cxd4 4. Nxd4 Nf6 5. Nc3 a6 6. g3 e5 7. Nb3 Be7 8. Bg5 Nbd7 9. a4 b6 10. Bc4 Bb7 11. Nd2 O-O 12. O-O Rc8 13. Qe2 Nc5 14. Rfd1 Ne6 15. Bxf6 Bxf6 16. Rac1 Bg5 17. Kg2 b5 18. axb5 axb5 19. Nxb5 Bxd2 20. Rxd2 Rxc4 21. Qxc4 Qg5 22. Rcd1 Qg4 23. Nxd6 Nf4+ 24. Kg1 Ba8 25. Nxf7 Bd5 26. Rxd5 Nh3+ 27. Kg2 Nf4+ 28. Kf1 Qh3+ 29. Ke1 Ng2+ 30. Kd2 Qe6 31. Ng5 1-0

[Event "FIDE Womens World Cup 2021"]
[Site "Sochi"]
[Date "2021.07.24"]
[Round "4.4"]
[White "Kashlinskaya, Alina"]
[Black "Saduakassova, Dinara"]
[Result "1-0"]
[ECO "E37"]
[WhiteElo "2488"]
[BlackElo "2483"]
[Annotator "ChessBase"]
[PlyCount "85"]
[EventDate "2021.07.12"]
[EventType "k.o."]
[EventCountry "RUS"]
[SourceTitle "playchess.com"]
[Source "ChessBase"]
[SourceQuality "1"]
[TimeControl "1500+10"]

1. d4 Nf6 2. c4 e6 3. Nc3 Bb4 4. Qc2 d5 5. a3 Bxc3+ 6. Qxc3 Ne4 7. Qc2 c5 8. dxc5 Nc6 9. Nf3 Qa5+ 10. Bd2 Qxc5 11. e3 Nxd2 12. Nxd2 h6 13. b4 Qe7 14. Be2 d4 15. e4 e5 16. c5 O-O 17. O-O Be6 18. Nc4 Rfd8 19. Bd3 Rac8 20. Rac1 Bxc4 21. Qxc4 b6 22. cxb6 axb6 23. Qa6 Qa7 24. Rfd1 Qb8 25. g3 Ne7 26. a4 Rc3 27. a5 bxa5 28. bxa5 Qc7 29. Rb1 Nc6 30. Rb6 Rc5 31. Ra1 Rd7 32. Rb5 Rc3 33. Rd5 Kh7 34. Qb5 Rd8 35. Rxd8 Qxd8 36. a6 Na7 37. Qb1 Qc7 38. Kg2 h5 39. Qb7 Qc6 40. Qxa7 Rxd3 41. Qxf7 Qxe4+ 42. Kg1 Rb3 43. Qxb3 1-0

[Event "FIDE Womens World Cup 2021"]
[Site "Sochi"]
[Date "2021.07.24"]
[Round "4.4"]
[White "Stefanova, Antoaneta"]
[Black "Goryachkina, Aleksandra"]
[Result "0-1"]
[ECO "D78"]
[WhiteElo "2463"]
[BlackElo "2596"]
[Annotator "ChessBase"]
[PlyCount "112"]
[EventDate "2021.07.12"]
[EventType "k.o."]
[EventCountry "RUS"]
[SourceTitle "playchess.com"]
[Source "ChessBase"]
[SourceQuality "1"]
[TimeControl "1500+10"]

1. Nf3 d5 2. g3 g6 3. Bg2 Bg7 4. O-O Nf6 5. d4 O-O 6. c4 c6 7. Qb3 a5 8. Rd1 a4 9. Qb4 dxc4 10. Qxc4 Qd5 11. Qb4 Qd6 12. Qe1 Bf5 13. Nc3 Ne4 14. Nh4 Nxc3 15. bxc3 Be6 16. e4 Bc4 17. f4 f5 18. e5 Qd7 19. Ba3 Na6 20. Nf3 Nc7 21. Nd2 Bd5 22. Bf1 b5 23. c4 bxc4 24. Nxc4 Rfb8 25. Bc5 Bxc4 26. Bxc4+ Nd5 27. Rab1 Bf8 28. Rxb8 Rxb8 29. Rb1 Qd8 30. Rxb8 Qxb8 31. Qb4 Qxb4 32. Bxb4 e6 33. Bxf8 Kxf8 34. Kf2 Ke7 35. Ke2 Kd7 36. Kd3 Ne7 37. Kc3 h6 38. Kb4 g5 39. fxg5 hxg5 40. Kxa4 c5 41. dxc5 Ng6 42. Kb5 Nxe5 43. Be2 f4 44. gxf4 gxf4 45. h4 f3 46. Bf1 Kc7 47. h5 Ng4 48. a4 e5 49. a5 e4 50. Bh3 e3 51. a6 e2 52. a7 Kb7 53. c6+ Kxa7 54. c7 Kb7 55. Bxg4 Kxc7 56. Bxf3 e1=Q 0-1

[Event "FIDE Womens World Cup 2021"]
[Site "Sochi"]
[Date "2021.07.24"]
[Round "4.5"]
[White "Dzagnidze, Nana"]
[Black "Shuvalova, Polina"]
[Result "1-0"]
[ECO "A06"]
[WhiteElo "2523"]
[BlackElo "2489"]
[Annotator "ChessBase"]
[PlyCount "99"]
[EventDate "2021.07.12"]
[EventType "k.o."]
[EventCountry "RUS"]
[SourceTitle "playchess.com"]
[Source "ChessBase"]
[SourceQuality "1"]
[TimeControl "600+10"]

1. c4 Nf6 2. Nf3 e6 3. b3 d5 4. Bb2 c5 5. e3 Nc6 6. cxd5 exd5 7. Bb5 Bd6 8. h3 O-O 9. O-O Bd7 10. d4 a6 11. Be2 cxd4 12. Nxd4 Qe7 13. Nxc6 bxc6 14. Nd2 c5 15. Rc1 a5 16. Nf3 Be6 17. Bb5 Rab8 18. Qe2 Ne4 19. Rfd1 Rb6 20. a4 f6 21. Bc3 Nxc3 22. Rxc3 Bf7 23. Qd2 Rd8 24. Rd3 Bc7 25. Qxa5 Bh5 26. Qd2 Rbd6 27. Qc3 f5 28. Kf1 Bxf3 29. gxf3 Kh8 30. Qxc5 Bb6 31. Qb4 d4 32. a5 Ba7 33. Rxd4 Bxd4 34. Rxd4 Qc7 35. Rxd6 Rxd6 36. Bc4 f4 37. e4 Rd1+ 38. Ke2 Rd8 39. a6 Qe5 40. Qb6 Rf8 41. Qb4 Rd8 42. Qb6 Rf8 43. a7 h6 44. Bd5 Qb2+ 45. Kf1 Qa1+ 46. Kg2 Kh7 47. a8=Q Rxa8 48. Bxa8 Qxa8 49. b4 h5 50. b5 1-0

[Event "FIDE Womens World Cup 2021"]
[Site "Sochi"]
[Date "2021.07.24"]
[Round "4.5"]
[White "Kashlinskaya, Alina"]
[Black "Saduakassova, Dinara"]
[Result "0-1"]
[ECO "E36"]
[WhiteElo "2488"]
[BlackElo "2483"]
[Annotator "ChessBase"]
[PlyCount "100"]
[EventDate "2021.07.12"]
[EventType "k.o."]
[EventCountry "RUS"]
[SourceTitle "playchess.com"]
[Source "ChessBase"]
[SourceQuality "1"]
[TimeControl "600+10"]

1. d4 Nf6 2. c4 e6 3. Nc3 Bb4 4. Qc2 d5 5. a3 Bxc3+ 6. Qxc3 c5 7. dxc5 O-O 8. Nf3 Nc6 9. e3 Ne4 10. Qc2 Qa5+ 11. Nd2 f5 12. cxd5 exd5 13. Be2 Qxc5 14. Qxc5 Nxc5 15. b4 Na4 16. Bd1 Nb6 17. Bb2 Be6 18. Nf3 Nc4 19. Bc3 f4 20. b5 Ne7 21. Nd4 Bd7 22. exf4 Nf5 23. Nxf5 Rxf5 24. Bg4 Re8+ 25. Kd1 Rf7 26. Bxd7 Rxd7 27. Re1 Rf8 28. Bb4 Rc8 29. Rc1 d4 30. f5 Kf7 31. Re4 Rcc7 32. g4 Rd5 33. a4 Nb2+ 34. Kd2 Rxc1 35. Kxc1 Nd3+ 36. Kd2 Nxb4 37. f4 a6 38. bxa6 Nxa6 39. Re6 Nc5 40. Rb6 d3 41. Rb4 b6 42. h3 h5 43. gxh5 Kf6 44. Rxb6+ Kxf5 45. Rb5 Kxf4 46. Rb4+ Ne4+ 47. Kd1 Ke3 48. Rb3 Rxh5 49. Ra3 Rxh3 50. Kc1 Ke2 0-1

[Event "FIDE Womens World Cup 2021"]
[Site "Sochi"]
[Date "2021.07.24"]
[Round "4.6"]
[White "Shuvalova, Polina"]
[Black "Dzagnidze, Nana"]
[Result "1/2-1/2"]
[ECO "B91"]
[WhiteElo "2489"]
[BlackElo "2523"]
[Annotator "ChessBase"]
[PlyCount "103"]
[EventDate "2021.07.12"]
[EventType "k.o."]
[EventCountry "RUS"]
[SourceTitle "playchess.com"]
[Source "ChessBase"]
[SourceQuality "1"]
[TimeControl "600+10"]

1. e4 c5 2. Nf3 d6 3. d4 cxd4 4. Nxd4 Nf6 5. Nc3 a6 6. g3 e5 7. Nb3 Be7 8. Bg5 Nbd7 9. a4 b6 10. Bc4 Bb7 11. Qd3 O-O 12. O-O Qc7 13. Bxf6 Nxf6 14. Rfe1 Rfc8 15. Nd2 Qc5 16. Bb3 Rd8 17. Rad1 Bf8 18. Qc4 d5 19. exd5 Nxd5 20. Qxc5 Bxc5 21. Nxd5 Bxd5 22. Bxd5 Rxd5 23. Nb3 Rxd1 24. Rxd1 Be7 25. Rd7 Kf8 26. Rb7 Bd8 27. c3 Rc8 28. Nd2 Rc6 29. Kf1 Bc7 30. Ra7 b5 31. axb5 axb5 32. Rb7 Bb6 33. h4 h5 34. Ke2 f6 35. Ne4 b4 36. f3 bxc3 37. bxc3 Bd8 38. Kd3 f5 39. Nf2 f4 40. gxf4 Bxh4 41. Nh3 Bf6 42. fxe5 Bxe5 43. c4 Bf6 44. Nf4 h4 45. c5 Be5 46. Nh3 Rxc5 47. Ng5 Ra5 48. Ke4 Bf6 49. Nh7+ Kg8 50. Nxf6+ gxf6 51. Kf4 Rg5 52. Rb1 1/2-1/2

[Event "FIDE Womens World Cup 2021"]
[Site "Sochi"]
[Date "2021.07.24"]
[Round "4.6"]
[White "Saduakassova, Dinara"]
[Black "Kashlinskaya, Alina"]
[Result "1-0"]
[ECO "A56"]
[WhiteElo "2483"]
[BlackElo "2488"]
[Annotator "ChessBase"]
[PlyCount "69"]
[EventDate "2021.07.12"]
[EventType "k.o."]
[EventCountry "RUS"]
[SourceTitle "playchess.com"]
[Source "ChessBase"]
[SourceQuality "1"]
[TimeControl "600+10"]

1. d4 Nf6 2. c4 c5 3. Nf3 cxd4 4. Nxd4 e5 5. Nb5 d5 6. cxd5 a6 7. N5c3 Bc5 8. e3 O-O 9. Be2 b5 10. Nd2 Bb7 11. Nde4 Nxe4 12. Nxe4 Bb6 13. O-O f5 14. Nc3 Nd7 15. e4 f4 16. Bg4 Rf6 17. a4 b4 18. a5 Ba7 19. Na4 Bd4 20. Bd2 Nf8 21. Bxb4 Rh6 22. Ra3 Ng6 23. Bc5 Qg5 24. Be6+ Kh8 25. Qg4 Qd8 26. Bxd4 exd4 27. Nc5 Bc8 28. b4 Bxe6 29. Nxe6 Qe7 30. Rh3 Ne5 31. Qxf4 Rxh3 32. Qxe5 Rd3 33. d6 Qa7 34. Qd5 h6 35. d7 1-0

[Event "FIDE Womens World Cup 2021"]
[Site "Sochi"]
[Date "2021.07.25"]
[Round "5.1"]
[White "Goryachkina, Aleksandra"]
[Black "Saduakassova, Dinara"]
[Result "1/2-1/2"]
[ECO "E37"]
[WhiteElo "2596"]
[BlackElo "2483"]
[Annotator "ChessBase"]
[PlyCount "85"]
[EventDate "2021.07.12"]
[EventType "k.o."]
[EventCountry "RUS"]
[SourceTitle "playchess.com"]
[Source "ChessBase"]
[SourceQuality "1"]
[TimeControl "40/5400+30:1800+30"]

1. d4 Nf6 2. c4 e6 3. Nc3 Bb4 4. Qc2 d5 5. a3 Bxc3+ 6. Qxc3 Ne4 7. Qc2 c5 8. dxc5 Nc6 9. Nf3 Qa5+ 10. Bd2 Qxc5 11. e3 Nxd2 12. Nxd2 dxc4 13. Bxc4 Qe7 14. O-O O-O 15. b4 Bd7 16. b5 Ne5 17. Be2 f6 18. Qe4 Be8 19. f4 Bg6 20. Qb4 Qxb4 21. axb4 Bd3 22. Kf2 Bxe2 23. Kxe2 Nf7 24. Ne4 b6 25. Rfd1 f5 26. Nf2 e5 27. Rd7 Rfe8 28. g3 exf4 29. gxf4 Rec8 30. Ra2 h6 31. Nd3 Rd8 32. Rxd8+ Rxd8 33. Rxa7 Nd6 34. Rc7 Nxb5 35. Rc6 g5 36. Ne5 gxf4 37. Rg6+ Kh7 38. exf4 Rd4 39. Rxb6 Rxb4 40. Kd2 Rd4+ 41. Ke3 Re4+ 42. Kd3 Rd4+ 43. Ke3 1/2-1/2

[Event "FIDE Womens World Cup 2021"]
[Site "Sochi"]
[Date "2021.07.25"]
[Round "5.1"]
[White "Dzagnidze, Nana"]
[Black "Muzychuk, Anna"]
[Result "1/2-1/2"]
[ECO "B30"]
[WhiteElo "2523"]
[BlackElo "2527"]
[Annotator "ChessBase"]
[PlyCount "67"]
[EventDate "2021.07.12"]
[EventType "k.o."]
[EventCountry "RUS"]
[SourceTitle "playchess.com"]
[Source "ChessBase"]
[SourceQuality "1"]
[TimeControl "40/5400+30:1800+30"]

1. Nf3 c5 2. e4 Nc6 3. c3 Nf6 4. e5 Nd5 5. Bc4 Nb6 6. Bb3 d5 7. exd6 Qxd6 8. d4 cxd4 9. cxd4 Be6 10. Nc3 Bxb3 11. Qxb3 e6 12. O-O Be7 13. Rd1 O-O 14. d5 Nxd5 15. Nxd5 exd5 16. Rxd5 Qb4 17. Qxb4 Nxb4 18. Rb5 b6 19. a3 Nd3 20. Be3 Rac8 21. a4 Bc5 22. Rd1 Rfd8 23. Kf1 Bxe3 24. fxe3 g6 25. a5 bxa5 26. Rxa5 Nxb2 27. Rxd8+ Rxd8 28. Rxa7 Re8 29. e4 Nc4 30. Rc7 Rxe4 31. Rxf7 Ne3+ 32. Kf2 Kxf7 33. Ng5+ Kg7 34. Nxe4 1/2-1/2